 Dungeon Crawl Stone Soup version 0.30-a0-373-gd37427bb62 (webtiles) character file.

Game seed: 16575134628439066983

11 flotson the Sneak (level 2, -1/24 HPs)
             Began as a Demonspawn Delver on Nov 24, 2022.
             Slain by a hobgoblin (3 damage)
             ... led by Robin
             ... on level 3 of the Dungeon.
             The game lasted 00:01:23 (327 turns).

flotson the Sneak (Demonspawn Delver)                Turns: 327, Time: 00:01:23

Health: -1/24      AC:  5    Str: 12    XL:     2   Next: 17%
Magic:  2/2        EV: 10    Int: 11    God:
Gold:   25         SH:  0    Dex: 14    Spells: 1/1 levels left

rFire   + . .      SeeInvis .    a - +0 spear
rCold   . . .      Faith    .    (no shield)
rNeg    . . .      Spirit   .    j - +0 ring mail
rPois   .          Reflect  .    (no helmet)
rElec   .          Harm     .    (no cloak)
rCorr   .          Rampage  .    (no gloves)
Will    .....                    (no boots)
Stlth   ++........               (no amulet)
HPRegen 0.24/turn                i - ring of protection from fire
MPRegen 0.08/turn                (no ring)

@: brilliant, lethally poisoned (-1 -> -3), attractive, hasted, very quick
A: claws 1
a: no special abilities


You were on level 3 of the Dungeon.
You visited 1 branch of the dungeon, and saw 3 of its levels.

You collected 25 gold pieces.

Inventory:

Hand Weapons
 a - a +0 spear (weapon)
Armour
 j - a +0 ring mail (worn)
Jewellery
 b - a ring of flight
 i - a ring of protection from fire (left claw)
Wands
 g - a wand of digging (3)
Scrolls
 c - a scroll of fog
 d - a scroll of magic mapping
 e - a scroll of fear


   Skills:
 + Level 3.1 Fighting
 - Level 1.7 Polearms
 + Level 0.6 Armour
 + Level 2.0 Dodging
 - Level 4.5 Stealth
 + Level 0.7 Evocations


You had one spell level left.
You didn't know any spells.
Your spell library was empty.

Dungeon Overview and Level Annotations

Branches:
Dungeon (5/15)
 Temple: D:4-7

Altars:

Annotations:
D:3 Robin


Innate Abilities, Weirdness & Mutations

You have sharp fingernails.


Message History

You feel sick.
You feel sick.
You feel sick. The goblin attacks as you move away!
The goblin barely misses you.
You feel sick.
You feel sick.
You barely miss the goblin.
You feel sick. The goblin barely misses you.
You closely miss the goblin.
You feel sick.
You are no longer poisoned.
The goblin hits you with a +2 dagger of venom.
You are lethally poisoned!
You feel yourself speed up.
* * * LOW HITPOINT WARNING * * *
You feel sick. The goblin completely misses you.
It was a potion of attraction.
You feel attractive to monsters.
* * * LOW HITPOINT WARNING * * *
You feel sick.
Unknown command.
It was a potion of brilliance.
You feel clever all of a sudden.
* * * LOW HITPOINT WARNING * * *
You feel sick. The goblin closely misses you.
You hit the goblin.
You kill the goblin!
The hobgoblin is attracted toward you.
The frilled lizard is attracted toward you.
The goblin is attracted toward you.
Unknown command.
You hit the hobgoblin but do no damage.
* * * LOW HITPOINT WARNING * * *
You feel sick.
Unknown command.
You hit the hobgoblin but do no damage.
* * * LOW HITPOINT WARNING * * *
You feel sick. The hobgoblin barely misses you.
You hit the hobgoblin.
The hobgoblin is almost dead.
The hobgoblin hits you.
You die...

g# #.#....#
###.....# ...r...g#
....o...# ......gl#
.....$>g# #######.#
######o###########
.......gglgg@.....#
........#########.#
...B..?.? ........#
........# ........#
........# .......


You could see an orc, 2 hobgoblins, 2 goblins and a frilled lizard.

Vanquished Creatures
  A ball python (D:4)
  2 endoplasms
  2 goblins
  3 jackals (D:4)
  A rat (D:3)
9 creatures vanquished.

Notes
Turn   | Place    | Note
-------+----------+-------------------------------------------
     0 | D:5      | flotson the Demonspawn Delver began the quest for the Orb.
     0 | D:5      | Reached XP level 1. HP: 18/18 MP: 1/1
    33 | D:5      | Noticed an orc wizard
   146 | D:4      | Gained mutation: You have sharp fingernails. [demonic
                  | ancestry]
   146 | D:4      | Reached XP level 2. HP: 23/24 MP: 2/2
   224 | D:3      | Noticed a scorpion
   270 | D:3      | Noticed Robin
   327 | D:3      | Slain by a hobgoblin

Illustrated notes

Levels and vault maps discovered:
D:3:      kennysheep_big_flooded_room, layout_basic,
          mainiacjoe_overflow_chevrons, serial_shops, shop,
          nicolae_shop_bloodbath_and_beyond, nicolae_shop_overgrown_old_shop,
          nrook_campfire, reono_crystal_passage, minmay_circle_x, uniq_robin
D:4:      layout_loops_ring, minmay_rat_hole
D:5:      layout_basic, minmay_temple_entry_oklob

Skill      XL: |  1 |
---------------+----+-----
Dodging        | 2 |  2.0
Fighting       | |  3.1
Polearms       | |  1.7
Armour         | |  0.6
Stealth        | |  4.5
Evocations     | |  0.7

Action                   || total
-------------------------++-------
Melee: Spear             ||    37
       Punch             ||     1
  Use: Potion            ||     3
 Stab: Distracted        ||     1
Armor: Leather armour    ||     6
       Ring mail         ||     4
Dodge: Dodged            ||    28

Table legend: (Time is in decaauts)
 A = Elapsed time spent in this place.
 B = Non-inter-level travel time spent in this place.
 C = Inter-level travel time spent in this place.
 D = Time resting spent in this place.
 E = Time spent auto-exploring this place.
 F = Levels seen in this place.
 G = Mean time per level.
                   A        B        C        D        E       F      G
               +--------+--------+--------+--------+--------+-----+--------+
         Total |    324 |    324 |      0 |      0 |    130 |   3 |  108.0 |
       Dungeon |    324 |    324 |      0 |      0 |    130 |   3 |  108.0 |
               +--------+--------+--------+--------+--------+-----+--------+

Top non-repeatable levels by time:
     D:3: 165 daAuts
     D:4: 119 daAuts
     D:5: 40 daAuts
